 Dungeon Crawl Stone Soup version 0.30-a0-940-ge5077277c9 (webtiles) character file.

Game seed: 7429911701580808108

702 Bnni the Digger (level 7, 0/49 (54) HPs)
             Began as a Formicid Earth Elementalist on Mar 26, 2023.
             Was an Initiate of Cheibriados.
             Slain by a wight
             ... wielding a +3 battleaxe of freezing
              (11 damage)
             ... on level 4 of the Dungeon.
             The game lasted 00:07:39 (4431 turns).

Bnni the Digger (Formicid Earth Elementalist)       Turns: 4431, Time: 00:07:39

HP:   0/49 (54)     AC:  3    Str: 13    XL:     7   Next: 98%
MP:   4/13          EV: 12    Int: 18    God:    Cheibriados [......]
Gold: 236           SH:  0    Dex: 15    Spells: 4/14 levels left

rFire   + . .      SeeInvis +    e - +0 short sword
rCold   . . .      Faith    .    (no shield)
rNeg    . . .      Spirit   .    p - +0 robe {rF+}
rPois   .          Reflect  .    (helmet unavailable)
rElec   .          Rampage  .    (no cloak)
rCorr   .                        (no gloves)
Will    .....                    c - +0 pair of boots
Stlth   ++                       (no amulet)
HPRegen 0.28/turn                (no ring)
MPRegen 0.13/turn                (no ring)

@: drained, very slow
A: permanent stasis, dig shafts and tunnels, antennae 3, four strong arms
a: Dig, Shaft Self, Renounce Religion


You were on level 4 of the Dungeon.
You worshipped Cheibriados.
Cheibriados was noncommittal.
You visited 2 branches of the dungeon, and saw 5 of its levels.

You collected 236 gold pieces.

Inventory:

Hand Weapons
 e - a +0 short sword (weapon)
Armour
 c - a +0 pair of boots (worn)
 l - a +0 ring mail
 p - a +0 robe of fire resistance (worn)
 s - a +0 chain mail
Magical Staves
 f - a staff of death
Wands
 q - a wand of flame (25)
Scrolls
 g - 4 scrolls of enchant armour {unknown}
 h - a scroll of amnesia
 j - a scroll of fog {unknown}
 n - a scroll of blinking {unknown}
 o - a scroll of enchant weapon
 t - a scroll of magic mapping {unknown}
 u - a scroll of poison {unknown}
 v - a scroll of acquirement {unknown}
Potions
 a - 2 potions of curing
 b - a potion of magic
 d - 2 potions of mutation
 i - a potion of resistance
 k - 2 potions of heal wounds
 m - a potion of attraction {unknown}
 r - a potion of haste {unknown}


   Skills:
 + Level 4.1 Fighting
 + Level 0.6 Armour
 - Level 1.7 Dodging
 - Level 2.4 Stealth
 - Level 4.0 Spellcasting
 - Level 3.0 Transmutations
 * Level 7.5 Earth Magic
 + Level 0.7 Invocations


You had 4 spell levels left.
You knew the following spells:

 Your Spells              Type           Power      Damage    Failure   Level
a - Sandblast             Erth           60%        2d14      1%          1
b - Passwall              Tmut/Erth      18%        N/A       2%          2
c - Stone Arrow           Conj/Erth      34%        3d9       10%         3
d - Petrify               Tmut/Erth      22%        N/A       17%         4

Your spell library contained the following spells:

 Spells                   Type           Power      Damage    Failure   Level
 Anguish                  Hex/Necr       1%         N/A       82%         4
 Enfeeble                 Hex            1%         N/A       100%        7


Dungeon Overview and Level Annotations

Branches:
Dungeon (4/15)             Temple (1/1) D:4

Altars:
Ashenzari
Cheibriados
Dithmenos
Elyvilon
Gozag
Hepliaklqana
Kikubaaqudgha
Makhleb
Nemelex Xobeh
Okawaru
Qazlal
Ru
Sif Muna
Trog
Uskayaw
Vehumet
Wu Jian
Xom
Yredelemnul
Zin
The Shining One

Shops:
D:1 (


Innate Abilities, Weirdness & Mutations

You cannot be hasted, slowed, berserked, paralysed or teleported.
You can dig through walls and to a lower floor.
You have a pair of large antennae on your head. (SInv)
Your four strong arms can wield two-handed weapons with a shield.


Message History

Press: ? - help, Q - select action, (/) - cycle Shift-Dir - straight line, f/p - wight
Aim: a wight, wielding a +2 short sword of freezing and wearing a +0 robe (heavily damaged, 84% to hit)
The blast of sand hits the wight.
The wight is severely damaged.
The wight misses you. The wight barely misses you.
Aiming: Sandblast (safe; 1% risk of failure)
Press: ? - help, Q - select action, (/) - cycle Shift-Dir - straight line, f/p - wight
Aim: a wight, wielding a +2 short sword of freezing and wearing a +0 robe (severely damaged, 84% to hit)
The blast of sand misses the wight.
The blast of sand hits the wight!
The wight is severely damaged.
The wight closely misses you.
Unknown command.
Aiming: Sandblast (safe; 1% risk of failure)
Press: ? - help, Q - select action, (/) - cycle Shift-Dir - straight line, f/p - wight
Aim: a wight, wielding a +2 short sword of freezing and wearing a +0 robe (severely damaged, 84% to hit)
The blast of sand hits the wight.
The wight is almost destroyed.
The wight hits you with a +2 short sword of freezing.
You feel drained. The wight freezes you.
The wight hits you with a +2 short sword of freezing!
The wight freezes you.
Aiming: Sandblast (safe; 1% risk of failure)
Press: ? - help, Q - select action, (/) - cycle Shift-Dir - straight line, f/p - wight
Aim: a wight, wielding a +2 short sword of freezing and wearing a +0 robe (almost destroyed, 84% to hit)
The blast of sand misses the wight.
The blast of sand hits the wight but does no damage.
The wight is severely damaged.
The wight hits you with a +2 short sword of freezing!
* * * LOW HITPOINT WARNING * * *
You feel drained. The wight freezes you.
* * * LOW HITPOINT WARNING * * *
Unknown command.
Aiming: Sandblast (safe; 1% risk of failure)
Press: ? - help, Q - select action, (/) - cycle Shift-Dir - straight line, f/p - wight
Aim: a wight, wielding a +2 short sword of freezing and wearing a +0 robe (almost destroyed, 84% to hit)
The blast of sand hits the wight.
You destroy the wight!
Cheibriados appreciates the change of pace.
The wight hits you with a +3 battleaxe of freezing!
You die...

... ### #### ... .. .... #'# ..#
#.. # ..# ..# #.#
###########.#.#..z# .#.# #
#.........#.#.#...##. .....#
#.......#.#..z..5.... .....#
#.......#<###z####### {.⌠..#
#......######@### .......
#...............# ....##.
##'####.#.....#.# .. #.
#.##...#.##....# #.
#.##.###..##.######## #.
#####.##.#..............########.
.........#'##.##..#####.#........
########...#...#).# #...#.#######
# #......>....# #.#.#.#..#


You could see 2 wights.

Vanquished Creatures
  Sigmund (D:3)
  An ogre (D:4)
  Blork the orc (D:4)
  A scorpion (D:4)
  2 wights (D:4)
  A quasit (D:4)
  A sleepcap (D:4)
  An orc wizard (D:2)
  10 adders
  A shadow imp (D:4)
  A white imp (D:4)
  3 ufetubi (D:4)
  A worm (D:2)
  3 dart slugs
  8 orcs
  5 ball pythons
  6 endoplasms
  2 giant cockroaches
  3 goblins
  5 hobgoblins
  4 jackals (D:4)
  2 quokkas
  3 bats
  4 frilled lizards
  5 kobolds
  6 rats
81 creatures vanquished.

Vanquished Creatures (others)
  8 demonic plants (D:4)
  8 plants (D:4)
16 creatures vanquished.

Grand Total: 97 creatures vanquished

Notes
Turn   | Place    | Note
-------+----------+-------------------------------------------
     0 | D:1      | Bnni the Formicid Earth Elementalist began the quest for
                  | the Orb.
     0 | D:1      | Reached XP level 1. HP: 13/13 MP: 3/3
   396 | D:1      | Reached XP level 2. HP: 20/20 MP: 1/5
   441 | D:1      | Found Juazem's Weapon Boutique.
   445 | D:1      | Learned a level 2 spell: Passwall
   743 | D:1      | Reached skill level 4 in Earth Magic
  1248 | D:2      | Reached XP level 3. HP: 25/25 MP: 4/6
  1326 | D:2      | Reached skill level 1 in Fighting
  1655 | D:2      | Reached XP level 4. HP: 32/32 MP: 5/7
  2217 | D:3      | Reached XP level 5. HP: 38/38 MP: 6/9
  2218 | D:3      | Reached skill level 5 in Earth Magic
  2973 | D:3      | Noticed Sigmund
  2982 | D:3      | Killed Sigmund
  2983 | D:3      | Reached skill level 6 in Earth Magic
  2983 | D:3      | Reached XP level 6. HP: 36/46 MP: 3/11
  3157 | D:3      | Found a glowing silver altar of Zin.
  3157 | D:3      | Noticed an angel
  3307 | D:4      | Noticed Blork the orc
  3317 | D:4      | Killed Blork the orc
  3318 | D:4      | Reached XP level 7. HP: 49/52 MP: 5/12
  3491 | D:4      | Reached skill level 7 in Earth Magic
  3574 | D:4      | Learned a level 3 spell: Stone Arrow
  3579 | D:4      | Learned a level 4 spell: Petrify
  3598 | D:4      | Found a radiant altar of Vehumet.
  3951 | D:4      | Found a staircase to the Ecumenical Temple.
  3957 | Temple   | Entered the Ecumenical Temple
  4178 | Temple   | Became a worshipper of Cheibriados the Contemplative
  4204 | D:4      | Found a sacrificial altar of Ru.
  4241 | D:4      | Found a hazy altar of Hepliaklqana.
  4258 | D:4      | Found an iron altar of Okawaru.
  4271 | D:4      | Found a hide-covered altar of Uskayaw.
  4431 | D:4      | Slain by a wight

Illustrated notes

Levels and vault maps discovered:
D:1:      nagdon_arrival_zigzag_paths, layout_basic, serial_shops,
          nicolae_shop_statue_plus
D:2:      layout_basic
D:3:      layout_loops_corners, zin_angel, st_stairs_6,
          kennysheep_generic_room_8, uniq_sigmund
D:4:      layout_basic, nicolae_overflow_quartered_altars,
          nicolae_vehumet_altar_sigil, minmay_temple_entry_gardened_gates,
          serial_demonic, serial_demonic_e, serial_demonic_g, serial_demonic_b,
          serial_demonic_d, serial_demonic_b, serial_demonic_f,
          serial_demonic_g, uniq_blork_the_orc
Temple:   regret_index_temple_generic_petals

Skill      XL: |  1  2  3  4  5  6  7 |
---------------+----------------------+-----
Earth Magic    | 4 6 7 |  7.5
Fighting       | 1 2 3 4 |  4.1
Transmutations | 2 3 |  3.0
Spellcasting   | 3 4 |  4.0
Armour         | |  0.6
Dodging        | |  1.7
Stealth        | |  2.4
Invocations    | |  0.7

Action                     |  1- 3 |  4- 6 |  7- 9 || total
---------------------------+-------+-------+-------++-------
  Melee: Short sword       |     3 |       |       ||     3
   Cast: Sandblast         |    32 |    50 |    55 ||   137
         Stone Arrow       |       |       |     1 ||     1
    Use: Scroll            |     2 |     3 |     2 ||     7
 Armour: Robe              |     1 |     5 |    15 ||    21
  Dodge: Dodged            |     5 |    25 |    27 ||    57

Table legend: (Time is in decaauts)
 A = Elapsed time spent in this place.
 B = Non-inter-level travel time spent in this place.
 C = Inter-level travel time spent in this place.
 D = Time resting spent in this place.
 E = Time spent auto-exploring this place.
 F = Levels seen in this place.
 G = Mean time per level.
                   A        B        C        D        E       F      G
               +--------+--------+--------+--------+--------+-----+--------+
         Total |   4557 |   4387 |    170 |    235 |   3593 |   5 |  911.4 |
       Dungeon |   4307 |   4181 |    126 |    235 |   3399 |   4 | 1076.8 |
        Temple |    250 |    206 |     44 |      0 |    194 |   1 |  250.0 |
               +--------+--------+--------+--------+--------+-----+--------+

Top non-repeatable levels by time:
     D:1: 1108 daAuts
     D:3: 1105 daAuts
     D:2: 1099 daAuts
     D:4: 993 daAuts
  Temple: 250 daAuts
